 Dungeon Crawl Stone Soup version 0.30.1-9-gdf580d7c3d (webtiles) character file.

Game seed: 16744847801253724104

121 Ivernyr the Shield-Bearer (level 5, -1/42 HPs)
             Began as a Formicid Fighter on Oct 6, 2023.
             Slain by an iguana (10 damage)
             ... on level 4 of the Dungeon.
             The game lasted 00:04:18 (2223 turns).

Ivernyr the Shield-Bearer (Formicid Fighter)        Turns: 2223, Time: 00:04:18

Health: -1/42      AC:  7    Str: 24    XL:     5   Next: 26%
Magic:  5/5        EV:  9    Int: 13    God:
Gold:   63         SH:  6    Dex: 18    Spells: 4/4 levels left

rFire   . . .        a - +0 long sword
rCold   + . .        c - +0 buckler
rNeg    . . .        b - +0 scale mail
rPois   .            (helmet unavailable)
rElec   .            (no cloak)
rCorr   .            (no gloves)
SInv    +            (no boots)
Will    .....        (no amulet) Stlth
                     o - ring "Gaginwul" {rC+ Str+3 Int+6 Dex+3}
HPRegen 0.27/turn    (no ring)
MPRegen 0.09/turn

%: no passive effects
@: no status effects
A: permanent stasis, dig shafts and tunnels, antennae 3, four strong arms
a: Dig, Shaft Self


You were on level 4 of the Dungeon.
You visited 1 branch of the dungeon, and saw 4 of its levels.

You collected 63 gold pieces.

Inventory:

Hand Weapons
 a - a +0 long sword (weapon)
Armour
 b - a +0 scale mail (worn)
 c - a +0 buckler (worn)
Jewellery
 o - the ring "Gaginwul" (left hand) {rC+ Str+3 Int+6 Dex+3}
   (You found it on level 2 of the Dungeon)

   [ring of intelligence]

   Str:       It affects your strength (+3).
   Int:       It affects your intelligence (+6).
   Dex:       It affects your dexterity (+3).
   rC:        It protects you from cold.
Wands
 j - a wand of digging (4)
 q - a wand of mindburst (10)
 r - a wand of quicksilver (9)
Scrolls
 f - 4 scrolls of identify {unknown}
 h - a scroll of poison {unknown}
 k - a scroll of noise {unknown}
 l - a scroll of immolation {unknown}
 m - a scroll of amnesia {unknown}
 n - a scroll of magic mapping {unknown}
 p - a scroll of fear {unknown}
 u - a scroll of fog {unknown}
 v - a scroll of vulnerability {unknown}
 x - a scroll of teleportation {unknown}
Potions
 d - 2 potions of might
 e - 3 potions of curing
 g - a potion of berserk rage {unknown}
 i - a potion of lignification {unknown}
 s - a potion of degeneration {unknown}
 t - a potion of brilliance {unknown}
 w - a potion of flight {unknown}


   Skills:
 + Level 4.0 Fighting
 * Level 3.5 Long Blades
 + Level 4.0 Armour
 + Level 4.8 Shields


You had 4 spell levels left.
You didn't know any spells.
Your spell library contained the following spells:

 Spells                   Type           Power      Damage    Failure   Level
 Sandblast                Erth           0%         2d4       65%         1
 Passwall                 Tmut/Erth      0%         N/A       78%         2
 Stone Arrow              Conj/Erth      0%         3d7       95%         3


Dungeon Overview and Level Annotations

Branches:
Dungeon (4/15)
 Temple: D:4-7

Altars:
Elyvilon
Gozag


Innate Abilities, Weirdness & Mutations

You cannot be hasted, slowed, berserked, paralysed or teleported.
You can dig through walls and to a lower floor.
You have a pair of large antennae on your head. (SInv)
Your four strong arms can wield two-handed weapons with a shield.


Message History

The howler monkey is almost dead.
The howler monkey hits you but does no damage. x2
You slash the howler monkey!
You kill the howler monkey!
Your Fighting skill increases to level 4!
Your Armour skill increases to level 4!
You have reached level 5!
Things that are here:
a +0 flail; a howler monkey corpse The iguana bites you but does no damage.
Things that are here:
a +0 flail; a howler monkey corpse You completely miss the iguana.
The iguana closely misses you.
You closely miss the iguana. The iguana closely misses you.
You barely miss the iguana. The iguana bites you.
You closely miss the iguana. You block the iguana's attack.
The iguana bites you!
You hit the iguana but do no damage.
The iguana bites you but does no damage.
You hit the iguana.
The iguana is moderately wounded.
The iguana barely misses you.
You hit the iguana.
The iguana is heavily wounded.
The iguana barely misses you.
You barely miss the iguana.
The iguana is heavily wounded.
The iguana bites you. The iguana bites you!
* * * LOW HITPOINT WARNING * * *
You hit the iguana but do no damage.
The iguana is heavily wounded.
The iguana closely misses you.
You hit the iguana but do no damage.
The iguana is heavily wounded.
You block the iguana's attack.
It was a potion of curing.
You feel better. You block the iguana's attack.
You closely miss the iguana.
The iguana is heavily wounded.
The iguana bites you!
You die...

#.# #..#. #.#....h. #
#####.#>...#.
#.#............
#.#..?..##.o.##
#..............
###.###.###....
#.###........
#..@l.......# .#
#.###.###.#.. ..
###.###.###.### .#
............... ..
.##.##......### #.# .
#......##.# #.# .
##......##.######.##.
.............)........
....##.#..#.#####.....


You could see an iguana.

Vanquished Creatures
  A howler monkey (D:4)
  An orc wizard (D:4)
  A worm (D:4)
  5 orcs
  4 endoplasms
  A giant cockroach (D:1)
  5 goblins
  5 hobgoblins
  A kobold (D:1)
  3 quokkas (D:1)
  5 ball pythons
  6 bats
  4 frilled lizards
  5 rats
47 creatures vanquished.

Notes
Turn   | Place    | Note
-------+----------+-------------------------------------------
     0 | D:1      | Ivernyr the Formicid Fighter began the quest for the Orb.
     0 | D:1      | Reached XP level 1. HP: 18/18 MP: 1/1
   222 | D:1      | Reached XP level 2. HP: 24/24 MP: 2/2
   531 | D:1      | Reached XP level 3. HP: 21/29 MP: 3/3
   968 | D:2      | Identified the ring "Gaginwul" {rC+ Str+3 Int+6 Dex+3}
  1415 | D:3      | Found an opulent altar of Gozag.
  1416 | D:3      | Found a white marble altar of Elyvilon.
  1917 | D:3      | Found a faded altar of an unknown god.
  2145 | D:4      | Reached XP level 4. HP: 36/37 MP: 4/4
  2209 | D:4      | Reached XP level 5. HP: 27/42 MP: 5/5
  2223 | D:4      | Slain by an iguana

Illustrated notes

Levels and vault maps discovered:
D:1:      lemuel_arrival_tunnels, layout_basic
D:2:      layout_basic
D:3:      layout_basic, nicolae_overflow_squiral,
          chequers_ecumenical_altar_island, chequers_serial_rivers_micro_c,
          hangedman_abyss_or_decor_stabs
D:4:      layout_basic, gammafunk_ghost_grave

Skill      XL: |  1  2  3  4 |
---------------+-------------+-----
Long Blades    | 3 |  3.5
Fighting       | 4 |  4.0
Armour         | 4 |  4.0
Shields        | |  4.8

Action                     |  1- 3 |  4- 6 || total
---------------------------+-------+-------++-------
  Melee: Long sword        |   134 |    33 ||   167
    Use: Potion            |       |     1 ||     1
 Armour: Scale mail        |    52 |     9 ||    61
  Dodge: Dodged            |    69 |    12 ||    81
  Block: Buckler           |    26 |     7 ||    33
